AoeStats
← Doak

Lombardia

508753499Analyzed
4v4 RM · 9d ago on Sep 23, 2026· 15m 15s· 8 players
Game mode
Random Map
Map size
Large (8 player)
Population
200
Speed
Normal
Resources
Standard
Victory
Conquest
Starting age
Dark Age
Ending age
Imperial Age
RankedLock teamsTeams togetherTeam positionsShared explorationLock speedFull tech treeHidden civsTurbo modeCheats
Victory
Defeat
🇧🇷 Poles · Brazil
1487
+15
🇬🇷 Mongols · Greece
1317
+22
🇨🇱 Saracens · Chile
1316
+22
🇧🇷 Huns · Brazil
1278
+23
🇳🇿 Britons · New Zealand
1594
-26
🇺🇸 Varangians · United States
1499
-22
🇬🇧 Hindustanis · United Kingdom
1381
-18
🇺🇸 Huns · United States
1328
-16
Wise™
9:09 Feudal Age
9:44 Double-Bit Axe
9:42 Horse Collar
Papiz96
8:02 Loom
10:04 Feudal Age
10:44 Double-Bit Axe
11:13 Horse Collar
15:21 Scale Barding Armor
GAX | Braant1
6:33 Loom
9:02 Feudal Age
9:39 Double-Bit Axe
15:38 Forging
NPG | Aleatoriedad
10:57 Feudal Age
9:15 Loom
11:01 Feudal Age
16:31 Castle Age
el_Feist
10:19 Feudal Age
9:08 Loom
some.spiced.ham
9:26 Feudal Age
10:37 Double-Bit Axe
12:05 Horse Collar
Doak
9:01 Feudal Age
9:57 Double-Bit Axe
10:38 Loom
11:54 Horse Collar
hungdonkey
5:33 Loom
11:14 Feudal Age
15:07 Castle Age
Connection lost

Rejoining the realm…

Still unreachable

The connection could not be restored.

Session expired

The server has moved on; the page needs a fresh start.